 Dungeon Crawl Stone Soup version 0.29.1-15-g9cfb28693d (webtiles) character file.

Game seed: 3199110325781171950

51 BuddhaDhamma the Chopper (level 3, 0/31 HPs)
             Began as a Minotaur Berserker on Mar 6, 2023.
             Was a Believer of Trog.
             Slain by Sigmund
             ... wielding a +0 scythe
              (8 damage)
             ... on level 2 of the Dungeon.
             The game lasted 00:02:43 (1544 turns).

BuddhaDhamma the Chopper (Minotaur Berserker)       Turns: 1544, Time: 00:02:44

Health: 0/31       AC:  5    Str: 23    XL:     3   Next: 58%
Magic:  2/2        EV: 11    Int:  4    God:    Trog [**....]
Gold:   174        SH:  0    Dex:  9    Spells: 2/2 levels left

rFire   . . .      SeeInvis .   a - +0 hand axe
rCold   . . .      Faith    .   (no shield)
rNeg    . . .      Spirit   .   f - +0 ring mail
rPois   .          Reflect  .   (helmet restricted)
rElec   .          Harm     .   (no cloak)
rCorr   .          Rampage  .   (no gloves)
Will    .....                   (no boots)
Stlth   ..........              (no amulet)
HPRegen 0.10/turn               (no ring)
MPRegen 0.08/turn               (no ring)

@: no status effects
A: horns 2, retaliatory headbutt
a: Renounce Religion, Berserk, Trog's Hand


You were on level 2 of the Dungeon.
You worshipped Trog.
Trog was pleased with you.
You visited 1 branch of the dungeon, and saw 2 of its levels.

You collected 174 gold pieces.

Inventory:

Hand Weapons
 a - a +0 hand axe (weapon)
Missiles
 c - 9 poisoned darts (quivered)
Armour
 f - a +0 ring mail (worn)
Scrolls
 b - a scroll of identify {unknown}
 d - a scroll of vulnerability {unknown}
 e - a scroll of teleportation {unknown}
 i - a scroll of fog {unknown}
Potions
 g - a potion of invisibility {unknown}
 h - a potion of brilliance {unknown}


   Skills:
 - Level 3.6 Fighting
 + Level 5.6 Axes
 - Level 2.4 Armour
 - Level 2.1 Dodging


You had 2 spell levels left.
You didn't know any spells.
Your spell library was empty.

Dungeon Overview and Level Annotations

Branches:
Dungeon (2/15)

Altars:

Annotations:
D:2 Sigmund


Innate Abilities, Weirdness & Mutations

You have a pair of horns on your head.
You reflexively headbutt those who attack you in melee.


Message History

You closely miss the adder. Your punch misses the adder.
The adder barely misses you.
You barely miss the adder. The adder bites you.
You closely miss the adder. Your headbutt misses the adder.
The adder barely misses you. x2
You hit the adder. Your headbutt misses the adder.
The adder is moderately wounded.
Something hits you! The adder barely misses you.
You are too injured to fight recklessly!
You are too injured to fight recklessly!
You are too injured to fight recklessly!
You hit the adder but do no damage. You headbutt the adder.
The adder is severely wounded.
The adder bites you but does no damage. Something hits you!
You closely miss the adder. Your headbutt misses the adder.
The adder is severely wounded.
The adder closely misses you. The adder bites you.
You are poisoned.
The adder poisons you!
You closely miss the adder.
The adder is severely wounded.
You feel sick. Something hits you but does no damage.
The adder bites you but does no damage.
You hit the adder.
The adder is almost dead.
You feel sick. The adder bites you but does no damage.
Something hits you but does no damage.
You closely miss the adder. Your headbutt misses the adder.
The adder is almost dead.
You feel sick. The adder bites you but does no damage.
You barely miss the adder.
The adder is almost dead.
You feel sick.
You are no longer poisoned.
The adder bites you but does no damage. Something hits you but does no damage.
The adder bites you but does no damage.
You closely miss the adder.
The adder is almost dead.
The adder bites you but does no damage. Something hits you!
You die...

#.# #.#
#.#######.#
#^........#
#.#######.#
### #<# #.#
#.## ##.##
#@.# #.S###
#{> ..##
.#. # #


You could see an adder.

Vanquished Creatures
  A worm (D:2)
  A dart slug (D:1)
  2 bats
  5 endoplasms
  3 giant cockroaches
  5 hobgoblins
  4 jackals (D:1)
  3 kobolds
  A quokka (D:1)
  4 ball pythons
  4 frilled lizards (D:1)
  4 goblins
  4 rats
41 creatures vanquished.

Vanquished Creatures (others)
  3 fungi (D:2)
  4 toadstools (D:2)
7 creatures vanquished.

Grand Total: 48 creatures vanquished

Notes
Turn   | Place    | Note
-------+----------+-------------------------------------------
     0 | D:1      | BuddhaDhamma the Minotaur Berserker began the quest for the
                  | Orb.
     0 | D:1      | Reached XP level 1. HP: 19/19 MP: 0/0
    20 | D:1      | Reached skill level 4 in Axes
   124 | D:1      | Reached XP level 2. HP: 26/26 MP: 1/1
   578 | D:1      | Reached skill level 5 in Axes
   607 | D:1      | Reached XP level 3. HP: 29/31 MP: 2/2
   779 | D:1      | Reached ** piety under Trog
  1458 | D:2      | Found a faded altar of an unknown god.
  1532 | D:2      | Noticed Sigmund
  1544 | D:2      | Slain by Sigmund

Illustrated notes

Levels and vault maps discovered:
D:1:      ebering_trefoil_3fold, layout_rooms, serial_corexii_hall,
          corexii_hall_statues_u, chequers_hall_statues_wall_a,
          chequers_hall_statues_corner_a, corexii_hall_statues_x,
          corexii_hall_statues_l, chequers_hall_statues_wall_a
D:2:      layout_loops_ring, chequers_ecumenical_altar_grove,
          minmay_misc_feat_doors, st_stairs_7, grunt_ministairs_12,
          minmay_gold_behind_fungi, uniq_sigmund

Skill      XL: |  1  2 |
---------------+-------+-----
Axes           | 4 5 |  5.6
Fighting       | |  3.6
Armour         | |  2.4
Dodging        | |  2.1

Action                   || total
-------------------------++-------
Melee: Hand axe          ||    83
       Headbutt          ||    16
       Punch             ||     1
Throw: Dart              ||     1
Armor: Animal skin       ||     4
       Ring mail         ||    18
Dodge: Dodged            ||    51
